3L
OAKLAND OAKS @ VANCOUVER GREY WOLVES
08/18/2041
 
TOP OF THE 1ST
Oakland Oaks batting - Pitching for Vancouver Grey Wolves : RHP Jason Hartridge
Pitching: RHP Jason Hartridge
Batting: LHB Norbert Ingalsbe 0-0: Ball
1-0: Called Strike
1-1: Ground out 6-3 (Groundball, 6, EV 81.2 MPH)
Batting: RHB Sebastian Franke 0-0: Called Strike
0-1: SINGLE (Groundball, 15S, EV 69.4 MPH) (infield hit)
Batting: LHB Gabriel Montoya 0-0: Ball
1-0: Foul Ball, location: 2F
1-1: Swinging Strike
1-2: Ball
Wild Pitch!
Sebastian Franke to second
2-2: Strikes out swinging
Batting: SHB Cecil Nelson 0-0: Ball
1-0: Called Strike
1-1: Ground out U3 (Groundball, 34, EV 82.5 MPH)
Top of the 1st over - 0 runs, 1 hit, 0 errors, 1 left on base; Oakland 0 - Vancouver 0
BOTTOM OF THE 1ST
Vancouver Grey Wolves batting - Pitching for Oakland Oaks : RHP Jesús Gonzáles
Pitching: RHP Jesús Gonzáles
Batting: LHB Yoritomo Sato 0-0: Ball
1-0: Swinging Strike
1-1: Fly out, F8 (Flyball, 8RD, EV 97.5 MPH)
Batting: LHB José Arras 0-0: Ball
1-0: Called Strike
1-1: Swinging Strike
1-2: Ball
2-2: Fly out, F8 (Line Drive, 8LD, EV 97.5 MPH)
Batting: RHB Phil van Oosterom 0-0: Called Strike
0-1: Ball
1-1: Called Strike
1-2: Ground out 6-3 (Groundball, 6, EV 91.9 MPH)
Bottom of the 1st over - 0 runs, 0 hits, 0 errors, 0 left on base; Oakland 0 - Vancouver 0
TOP OF THE 2ND
Oakland Oaks batting - Pitching for Vancouver Grey Wolves : RHP Jason Hartridge
Batting: LHB Conor Gotaas 0-0: Ball
1-0: Ground out 4-3 (Groundball, 4, EV 78.1 MPH)
Batting: RHB Johnny Jones 0-0: Called Strike
0-1: Ground out 6-3 (Groundball, 6, EV 88.1 MPH)
Batting: LHB Michael Witt 0-0: Foul Ball, location: 2F
0-1: Foul Ball, location: 2F
0-2: Foul Ball, location: 2F
0-2: Foul Ball, location: 2F
0-2: Ball
1-2: Strikes out swinging
Top of the 2nd over - 0 runs, 0 hits, 0 errors, 0 left on base; Oakland 0 - Vancouver 0
BOTTOM OF THE 2ND
Vancouver Grey Wolves batting - Pitching for Oakland Oaks : RHP Jesús Gonzáles
Batting: LHB Javier Sánchez 0-0: Called Strike
0-1: Ball
1-1: Ball
2-1: Ball
3-1: SINGLE (Groundball, 34D, EV 100.6 MPH)
Batting: RHB Rafael Maldonado 0-0: Ball
1-0: Foul Ball, location: 2F
1-1: Ball
2-1: Foul Ball, location: 2F
2-2: Ball
3-2: Base on Balls
Javier Sánchez to second
Pitching: RHP Matt Dunn
Batting: LHB Robbie Brendle 0-0: Ball
1-0: DOUBLE (Groundball, 5L, EV 96.9 MPH)
Javier Sánchez scores
Rafael Maldonado to third
Batting: RHB Kao-tsu Koo 0-0: Called Strike
0-1: Ball
1-1: Ball
2-1: Ball
3-1: Base on Balls
Batting: LHB Cameron Woolever 0-0: Ball
1-0: Called Strike
1-1: Foul Ball, location: 2F
1-2: Ball
2-2: Ball
3-2: SINGLE (Groundball, 4MD, EV 97.5 MPH)
Rafael Maldonado scores
Robbie Brendle to third
Kao-tsu Koo to second
Batting: RHB David Stone 0-0: Ball
1-0: Called Strike
1-1: SINGLE (Flyball, 7LS, EV 92.5 MPH)
Robbie Brendle scores
Kao-tsu Koo to third
Cameron Woolever to second
Batting: LHB Yoritomo Sato 0-0: Ball
1-0: Called Strike
1-1: Swinging Strike
1-2: SINGLE (Groundball, 4MD, EV 93.8 MPH)
Kao-tsu Koo scores
Cameron Woolever to third
David Stone to second
Batting: LHB José Arras 0-0: Ball
1-0: Ball
2-0: SINGLE (Groundball, 4D, EV 101.9 MPH)
Cameron Woolever scores
David Stone to third
Yoritomo Sato to second
Runner from 3rd tries for Home, SAFE, throw by CF to home
Batting: RHB Phil van Oosterom 0-0: Ball
1-0: Ball
2-0: Ball
3-0: Called Strike
3-1: Foul Ball, location: 2F
3-2: Fly out, F6 (Line Drive, 6, EV 74.4 MPH)
Batting: LHB Javier Sánchez 0-0: Ball
1-0: Ball
2-0: Swinging Strike
2-1: Foul Ball, location: 2F
2-2: Fly out, F8 (Flyball, 8RD, EV 89.4 MPH)
Runner from 2nd tags up, SAFE at 3rd with throw by CF
Batting: RHB Rafael Maldonado 0-0: Called Strike
0-1: Ball
1-1: Called Strike
1-2: Ground out 5-3 (Groundball, 5S, EV 70.0 MPH)
Bottom of the 2nd over - 6 runs, 6 hits, 0 errors, 2 left on base; Oakland 0 - Vancouver 6
TOP OF THE 3RD
Oakland Oaks batting - Pitching for Vancouver Grey Wolves : RHP Jason Hartridge
Batting: RHB Tony Hernández 0-0: Foul Ball, location: 2F
0-1: Ground out 1-3 (Groundball, 15S, EV 65.0 MPH)
Batting: RHB Esteban Vázquez 0-0: Ground out 6-3 (Groundball, 6MD, EV 104.4 MPH)
Batting: LHB Norbert Ingalsbe 0-0: Ball
1-0: Ball
2-0: Fly out, F4 (Popup, 4MD, EV 66.2 MPH)
Top of the 3rd over - 0 runs, 0 hits, 0 errors, 0 left on base; Oakland 0 - Vancouver 6
BOTTOM OF THE 3RD
Vancouver Grey Wolves batting - Pitching for Oakland Oaks : RHP Matt Dunn
Batting: LHB Robbie Brendle 0-0: Ball
1-0: Ball
2-0: Ball
3-0: Called Strike
3-1: Called Strike
3-2: Ground out 4-3 (Groundball, 4S, EV 60.0 MPH)
Batting: RHB Kao-tsu Koo 0-0: Ball
1-0: Ground out 6-3 (Groundball, 6, EV 101.2 MPH)
Batting: LHB Cameron Woolever 0-0: Ball
1-0: Called Strike
1-1: Foul Ball, location: 2F
1-2: Foul Ball, location: 2F
1-2: Reached on error, E8 (Flyball, 8RM, EV 95.6 MPH)
Batting: RHB David Stone 0-0: Called Strike
0-1: Ball
1-1: Ground out 1-3 (Groundball, 23, EV 66.2 MPH)
Bottom of the 3rd over - 0 runs, 0 hits, 1 error, 1 left on base; Oakland 0 - Vancouver 6
TOP OF THE 4TH
Oakland Oaks batting - Pitching for Vancouver Grey Wolves : RHP Jason Hartridge
Batting: RHB Sebastian Franke 0-0: Ball
1-0: Ball
2-0: Ground out 6-3 (Groundball, 6, EV 83.8 MPH)
Batting: LHB Gabriel Montoya 0-0: Fly out, F7 (Flyball, 7LM, EV 81.9 MPH)
Batting: SHB Cecil Nelson 0-0: Called Strike
0-1: Ball
1-1: Fly out, F9 (Flyball, 9LS, EV 85.0 MPH)
Top of the 4th over - 0 runs, 0 hits, 0 errors, 0 left on base; Oakland 0 - Vancouver 6
BOTTOM OF THE 4TH
Vancouver Grey Wolves batting - Pitching for Oakland Oaks : RHP Matt Dunn
Batting: LHB Yoritomo Sato 0-0: Swinging Strike
0-1: Called Strike
0-2: Strikes out looking
Batting: LHB José Arras 0-0: Ball
1-0: Ball
2-0: Foul Ball, location: 2F
2-1: Called Strike
2-2: Ball
3-2: Strikes out swinging
Batting: RHB Phil van Oosterom 0-0: Ball
1-0: Called Strike
1-1: Foul Ball, location: 2F
1-2: Ground out 6-3 (Groundball, 56, EV 91.2 MPH)
Bottom of the 4th over - 0 runs, 0 hits, 0 errors, 0 left on base; Oakland 0 - Vancouver 6
TOP OF THE 5TH
Oakland Oaks batting - Pitching for Vancouver Grey Wolves : RHP Jason Hartridge
Batting: LHB Conor Gotaas 0-0: Called Strike
0-1: Ball
1-1: Ball
2-1: Foul Ball, location: 2F
2-2: Foul Ball, location: 2F
2-2: Foul Ball, location: 2F
2-2: SOLO HOME RUN (Flyball, 7D, EV 112.5 MPH), Distance : 357 ft
Batting: RHB Johnny Jones 0-0: Ball
1-0: Called Strike
1-1: Swinging Strike
1-2: Foul Ball, location: 2F
1-2: Ball
2-2: Fly out, F8 (Line Drive, 8RD, EV 98.8 MPH)
Batting: LHB Michael Witt 0-0: Ground out 4-3 (Groundball, 4S, EV 83.8 MPH)
Batting: RHB Tony Hernández 0-0: Called Strike
0-1: Foul Ball, location: 2F
0-2: Ball
1-2: SINGLE (Groundball, 4S, EV 73.8 MPH) (infield hit)
Batting: RHB Esteban Vázquez 0-0: Ball
1-0: Foul Ball, location: 2F
1-1: Foul Ball, location: 2F
1-2: Ball
2-2: Foul Ball, location: 2F
2-2: Ball
3-2: Foul Ball, location: 2F
3-2: SINGLE (Line Drive, 34D, EV 97.5 MPH)
Tony Hernández to second
Tony Hernández to third
Batting: LHB Norbert Ingalsbe 0-0: Ball
1-0: Called Strike
1-1: Fielders Choice at 2nd, 5-4 (Groundball, 5, EV 102.5 MPH)
Top of the 5th over - 1 run, 3 hits, 0 errors, 2 left on base; Oakland 1 - Vancouver 6
BOTTOM OF THE 5TH
Vancouver Grey Wolves batting - Pitching for Oakland Oaks : RHP Matt Dunn
Batting: LHB Javier Sánchez 0-0: Fly out, F7 (Flyball, 78XD, EV 85.6 MPH)
Batting: RHB Rafael Maldonado 0-0: Ball
1-0: Ground out 6-3 (Groundball, 6, EV 86.2 MPH)
Batting: LHB Robbie Brendle 0-0: Ground out 1-3 (Groundball, 15S, EV 73.8 MPH)
Bottom of the 5th over - 0 runs, 0 hits, 0 errors, 0 left on base; Oakland 1 - Vancouver 6
TOP OF THE 6TH
Oakland Oaks batting - Pitching for Vancouver Grey Wolves : RHP Jason Hartridge
Batting: RHB Sebastian Franke 0-0: SINGLE (Line Drive, 8RS, EV 102.5 MPH)
Batting: LHB Gabriel Montoya 0-0: Ball
1-0: Ball
2-0: Called Strike
2-1: Ball
3-1: Fly out, F8 (Line Drive, 8LM, EV 83.1 MPH)
Batting: SHB Cecil Nelson 0-0: Called Strike
0-1: Ball
1-1: Grounds into double play, 5-4-3 (Groundball, 56, EV 76.9 MPH)
Top of the 6th over - 0 runs, 1 hit, 0 errors, 0 left on base; Oakland 1 - Vancouver 6
BOTTOM OF THE 6TH
Vancouver Grey Wolves batting - Pitching for Oakland Oaks : RHP Matt Dunn
Batting: RHB Kao-tsu Koo 0-0: Foul Ball, location: 2F
0-1: Ball
1-1: Ball
2-1: Ball
3-1: Called Strike
3-2: Fly out, F8 (Line Drive, 8LM, EV 92.5 MPH)
Batting: LHB Cameron Woolever 0-0: Called Strike
0-1: Ball
1-1: Ball
2-1: SOLO HOME RUN (Flyball, 9LD, EV 95.0 MPH), Distance : 325 ft
Batting: RHB David Stone 0-0: Foul Ball, location: 2F
0-1: Ball
1-1: Ball
2-1: Ball
3-1: Base on Balls
Batting: LHB Yoritomo Sato 0-0: Ball
1-0: Swinging Strike
1-1: Ball
2-1: SINGLE (Groundball, 6MD, EV 100.0 MPH)
David Stone to second
Batting: LHB José Arras 0-0: Called Strike
0-1: Ball
1-1: Ball
2-1: Fly out, F7 (Flyball, 78D, EV 106.9 MPH)
Batting: RHB Phil van Oosterom 0-0: Called Strike
0-1: Ground out 1-3 (Groundball, P, EV 80.0 MPH)
Bottom of the 6th over - 1 run, 2 hits, 0 errors, 2 left on base; Oakland 1 - Vancouver 7
TOP OF THE 7TH
Oakland Oaks batting - Pitching for Vancouver Grey Wolves : RHP Jason Hartridge
Batting: LHB Conor Gotaas 0-0: Ball
1-0: Foul Ball, location: 2F
1-1: Ball
2-1: Ball
3-1: Fly out, F8 (Flyball, 8LM, EV 90.0 MPH)
Batting: RHB Johnny Jones 0-0: Ball
1-0: Called Strike
1-1: Foul Ball, location: 2F
1-2: DOUBLE (Line Drive, 89D, EV 103.1 MPH)
Batting: LHB Michael Witt 0-0: Foul Ball, location: 2F
0-1: Called Strike
0-2: Ball
1-2: Ball
2-2: Foul Ball, location: 2F
2-2: Foul Ball, location: 2F
2-2: Ball
3-2: Foul Ball, location: 2F
3-2: Fly out, F7 (Flyball, 7, EV 78.8 MPH)
Pitching: LHP Ángel Flores
Batting: RHB Tony Hernández 0-0: Ball
1-0: Called Strike
1-1: Swinging Strike
1-2: Foul Ball, location: 2F
1-2: Ball
2-2: Strikes out swinging
Top of the 7th over - 0 runs, 1 hit, 0 errors, 1 left on base; Oakland 1 - Vancouver 7
BOTTOM OF THE 7TH
Vancouver Grey Wolves batting - Pitching for Oakland Oaks : RHP Matt Dunn
Pitching: RHP Fernando Varela
Batting: LHB Javier Sánchez 0-0: Called Strike
0-1: Fly out, F9 (Flyball, 9S, EV 87.5 MPH)
Batting: RHB Rafael Maldonado 0-0: SINGLE (Line Drive, 7S, EV 93.1 MPH)
Batting: LHB Robbie Brendle 0-0: Called Strike
0-1: Ball
1-1: Foul Ball, location: 2F
1-2: SINGLE (Line Drive, 89S, EV 90.0 MPH)
Rafael Maldonado to second
Runner from 2nd tries for 3rd, SAFE, throw by RF made to third
Batting: RHB Kao-tsu Koo 0-0: Ball
1-0: Called Strike
1-1: Foul Ball, location: 2F
1-2: Ball
2-2: Ball
3-2: Foul Ball, location: 2F
3-2: Strikes out swinging
Batting: LHB Cameron Woolever 0-0: Called Strike
0-1: Ball
1-1: Called Strike
1-2: Foul Ball, location: 2F
1-2: Foul Ball, location: 2F
1-2: Ball
2-2: Foul Ball, location: 2F
2-2: Ground out 4-3 (Groundball, 34, EV 81.2 MPH)
Bottom of the 7th over - 0 runs, 2 hits, 0 errors, 2 left on base; Oakland 1 - Vancouver 7
TOP OF THE 8TH
Oakland Oaks batting - Pitching for Vancouver Grey Wolves : LHP Ángel Flores
Batting: RHB Esteban Vázquez 0-0: Ball
1-0: Swinging Strike
1-1: Ball
2-1: Fly out, F9 (Flyball, 9, EV 85.0 MPH)
Batting: LHB Norbert Ingalsbe 0-0: Called Strike
0-1: Ball
1-1: Ground out 1-3 (Groundball, P, EV 65.6 MPH)
Batting: RHB Sebastian Franke 0-0: SINGLE (Line Drive, 78S, EV 108.8 MPH)
Batting: LHB Gabriel Montoya 0-0: Reached on error, E4 (Groundball, 34, EV 80.0 MPH)
Sebastian Franke to second
Batting: SHB Cecil Nelson 0-0: Called Strike
0-1: Foul Ball, location: 2F
0-2: Strikes out looking
Top of the 8th over - 0 runs, 1 hit, 1 error, 2 left on base; Oakland 1 - Vancouver 7
BOTTOM OF THE 8TH
Vancouver Grey Wolves batting - Pitching for Oakland Oaks : RHP Fernando Varela
Batting: RHB David Stone 0-0: Called Strike
0-1: Called Strike
0-2: Strikes out looking
Batting: LHB Yoritomo Sato 0-0: Ball
1-0: Called Strike
1-1: Ball
2-1: Foul Ball, location: 2F
2-2: Foul Ball, location: 2F
2-2: Ball
3-2: Ground out 6-3 (Groundball, 6, EV 83.1 MPH)
Batting: LHB José Arras 0-0: Ball
1-0: Called Strike
1-1: Ball
2-1: Fly out, F7 (Flyball, 78XD, EV 100.6 MPH)
Bottom of the 8th over - 0 runs, 0 hits, 0 errors, 0 left on base; Oakland 1 - Vancouver 7
TOP OF THE 9TH
Oakland Oaks batting - Pitching for Vancouver Grey Wolves : LHP Ángel Flores
Batting: LHB Conor Gotaas 0-0: SINGLE (Groundball, 34D, EV 99.4 MPH)
Batting: RHB Johnny Jones 0-0: 2-RUN HOME RUN (Line Drive, 89XD, EV 108.1 MPH), Distance : 365 ft
Batting: LHB Michael Witt 0-0: Ball
1-0: Ball
2-0: Ball
3-0: Called Strike
3-1: Called Strike
3-2: Ground out 6-3 (Groundball, 6, EV 104.4 MPH)
Batting: RHB Tony Hernández 0-0: Ball
1-0: Called Strike
1-1: Foul Ball, location: 2F
1-2: Ground out 5-3 (Groundball, 56S, EV 66.2 MPH)
Batting: RHB Esteban Vázquez 0-0: Called Strike
0-1: Ground out U3 (Groundball, 3L, EV 79.4 MPH)
Top of the 9th over - 2 runs, 2 hits, 0 errors, 0 left on base; Oakland 3 - Vancouver 7
Tuesday, January 5th, 2021 - OOTP Baseball 20.8 Build 74